 Dungeon Crawl Stone Soup version 0.25-a0-413-g3b4b6a4ccc (webtiles) character file.

Game seed: 14186705599198963823, levelgen mode: deterministic

17693 Borgoz the Fighter (level 12, -1/120 HPs)
             Began as a Gargoyle Berserker on Jan 16, 2020.
             Was a Priest of Trog.
             Slain by Snorg (6 damage)
             ... on level 12 of the Dungeon.
             The game lasted 00:21:57 (13053 turns).

Borgoz the Fighter (Gargoyle Berserker)            Turns: 13053, Time: 00:21:57

Health: -1/120     AC: 19    Str: 29    XL:     12   Next: 50%
Magic:  12/12      EV: 15    Int: 12    God:    Trog [***...]
Gold:   529        SH:  0    Dex: 10    Spells: 11/11 levels left

rFire    + . .     SeeInvis .   H - +4 dire flail (flame)
rCold    + . .     Gourm    .   (shield currently unavailable)
rNeg     + . .     Faith    .   o - +0 ring mail
rPois    ∞         Spirit   .   B - +2 helmet {Int+3}
rElec    +         Reflect  .   n - scarf {rC+ rF+}
rCorr    +         Harm     .   (no gloves)
MR       ++...                  (no boots)
Stlth    ..........             y - amulet of the acrobat
HPRegen  1.30/turn              A - ring of resist corrosion
MPRegen  0.13/turn              (no ring)

@: berserking (expiring), starving, regenerating, very quick
A: negative energy resistance 1, electricity resistance, unbreathing,
petrification resistance, rot immunity, AC +8
a: Berserk, Trog's Hand, Renounce Religion


You were on level 12 of the Dungeon.
You worshipped Trog.
Trog was most pleased with you.
You were starving.

You visited 1 branch of the dungeon, and saw 12 of its levels.

You collected 605 gold pieces.
You spent 76 gold pieces at shops.

Inventory:

Hand Weapons
 H - a +4 dire flail of flaming (weapon)
Missiles
 F - 4 throwing nets (quivered)
Armour
 n - a scarf of resistance (worn)
 o - a +0 ring mail (worn)
 B - a +2 helmet of intelligence (worn)
Jewellery
 y - an amulet of the acrobat (around neck)
 A - a ring of resist corrosion (left hand)
Wands
 m - a wand of iceblast (22)
 s - a wand of scattershot (1)
 x - a wand of digging (11)
 E - a wand of paralysis (8)
Scrolls
 d - a scroll of brand weapon
 f - a scroll of enchant armour
 g - a scroll of blinking
 j - 3 scrolls of amnesia {unknown}
 k - 3 scrolls of enchant weapon
 l - a scroll of holy word
 p - 2 scrolls of teleportation
 t - a scroll of remove curse
 u - a scroll of noise {unknown}
 v - a scroll of immolation {unknown}
 w - 2 scrolls of fear {unknown}
 C - 2 scrolls of magic mapping
Potions
 a - 4 potions of heal wounds {unknown}
 b - a potion of flight
 e - 5 potions of haste {unknown}
 h - 2 potions of resistance {unknown}
 i - 5 potions of curing {unknown}
 q - a potion of berserk rage
 r - 2 potions of cancellation {unknown}
 z - a potion of agility
 D - a potion of might
Comestibles
 c - 33 rations


   Skills:
 + Level 11.5 Fighting
 + Level 10.6 Maces & Flails
 + Level 11.2 Armour
 + Level 8.7 Dodging


You had 11 spell levels left.
You didn't know any spells.
Your spell library was empty.

Dungeon Overview and Level Annotations

Branches:
Dungeon (12/15)            Temple (0/1) D:7            Lair (0/6) D:9
    Orc: D:9-12

Altars:
Cheibriados
Kikubaaqudgha
Makhleb
Okawaru
Sif Muna
Wu Jian
Zin

Shops:
D:8 %[*?   D:12 (

Annotations:
D:12 Snorg


Innate Abilities, Weirdness & Mutations

You are resistant to torment.
Your stone body is resilient. (AC +8)
You are immune to poison.
You resist negative energy. (rN+)
You are resistant to electric shocks. (rElec)
You can survive without breathing.
You are immune to petrification.
You are immune to rotting.


Message History

Snorg bites you. Snorg completely misses you.
Snorg claws you but does no damage.
You bludgeon Snorg!! You burn Snorg.
Snorg is heavily wounded.
Snorg bites you. Snorg claws you!
* * * LOW HITPOINT WARNING * * *
Snorg completely misses you.
You bludgeon Snorg!! You burn Snorg!
Snorg is severely wounded.
Snorg misses you. Snorg claws you but does no damage. Snorg misses you.
You puncture Snorg! You burn Snorg.
Snorg is almost dead.
Snorg bites you!
* * * LOW HITPOINT WARNING * * *
Snorg claws you but does no damage. Snorg claws you!
* * * LOW HITPOINT WARNING * * *
You hit Snorg. You burn Snorg.
Snorg is almost dead.
Snorg completely misses you. Snorg misses you. Snorg claws you.
You die...

............... #
.........####.# #.
#.#####.## ##. .#
#.......# ## . #######.#
#. ##'## #.# ##...##
#T## ##.....## #
##@#####.......##
....#....##.........###
........%..'.........+..
#.#.#...#.##.........###
..#...##.###.......####
#.#.#.# #.# ##.....## #.
# ###. #.# ###...## #.
#. $.. ..##'## #. .. ..#
#.##.# ##


You could see Snorg (berserk).

Vanquished Creatures
  Harold (D:10)
  Erica (D:10)
  A two-headed ogre (D:11)
  2 skeletal warriors (D:10)
  Pikel (D:6)
  An ugly thing (D:11)
  A cyclops (D:11)
  Psyche (D:9)
  Maggie (D:9)
  Prince Ribbit (D:9)
  9 slime creatures (D:12)
  2 hippogriffs
  3 wraiths
  A human (D:7)
  A yak (D:7)
  Grum (D:11)
  2 wyverns (D:9)
  3 hogs (D:7)
  A hungry ghost (D:11)
  2 wargs (D:9)
  Menkaure (D:7)
  An acid dragon (D:12)
  A soldier ant (D:11)
  7 orc warriors
  2 sky beasts
  5 ice beasts
  4 slaves (D:6)
  2 eyes of draining
  2 wolves (D:11)
  7 centaurs
  5 ogres
  A big kobold (D:9)
  Blork the orc (D:4)
  7 bullfrogs
  2 scorpions
  A wyvern skeleton (D:7)
  4 killer bees (D:9)
  11 wights
  2 howler monkeys
  An electric eel (D:7)
  7 crimson imps
  A quasit (D:11)
  4 centaur zombies
  A bullfrog zombie (D:10)
  4 jellies
  5 orc priests
  Crazy Yiuf (D:4)
  A hound (D:11)
  5 centaur skeletons
  Jessica (D:3)
  6 iguanas
  15 orc wizards
  12 worker ants
  2 hound zombies
  A hound skeleton (D:11)
  Robin (D:4)
  15 adders
  2 shadow imps
  An ooze (D:1)
  4 adder zombies
  4 worms
  2 dart slugs
  3 leopard geckos
  36 orcs
  3 giant cockroaches
  15 goblins
  5 hobgoblins
  11 jackals
  5 quokkas
  2 ball pythons
  4 bats
  2 frilled lizards
  A jackal skeleton (D:7)
  18 kobolds
  A leopard gecko skeleton (D:9)
  11 rats
315 creatures vanquished.

Vanquished Creatures (collateral kills)
  2 skeletal warriors (D:10)
2 creatures vanquished.

Grand Total: 317 creatures vanquished

Notes
Turn   | Place    | Note
-------+----------+-------------------------------------------
     0 | D:1      | Borgoz the Gargoyle Berserker began the quest for the Orb.
     0 | D:1      | Reached XP level 1. HP: 14/14 MP: 1/1
   415 | D:1      | Reached XP level 2. HP: 19/19 MP: 2/2
   912 | D:1      | Reached XP level 3. HP: 21/23 MP: 3/3
  1388 | D:2      | Reached XP level 4. HP: 17/29 MP: 4/4
  1665 | D:2      | Reached ** piety under Trog
  1890 | D:2      | Found a burning altar of Makhleb.
  2119 | D:3      | You fall into a shaft and drop 1 floor!
  2129 | D:4      | Reached XP level 5. HP: 33/33 MP: 5/5
  2453 | D:4      | Noticed Robin
  2471 | D:5      | Entered Level 5 of the Dungeon
  2471 | D:5      | Noticed a sky beast
  2502 | D:5      | Killed a sky beast
  2502 | D:5      | Reached XP level 6. HP: 24/39 MP: 6/6
  2699 | D:4      | Noticed Blork the orc
  2720 | D:4      | Reached skill level 5 in Fighting
  2843 | D:5      | Reached XP level 7. HP: 10/44 MP: 7/7
  3211 | D:5      | Reached *** piety under Trog
  3458 | D:4      | Reached skill level 5 in Maces & Flails
  3563 | D:4      | Reached skill level 5 in Armour
  3565 | D:4      | Killed Blork the orc
  3808 | D:3      | Found an iron altar of Okawaru.
  3978 | D:3      | Reached XP level 8. HP: 51/51 MP: 8/8
  3987 | D:3      | Noticed Jessica
  3996 | D:3      | Killed Jessica
  4001 | D:3      | Found a glowing silver altar of Zin.
  4040 | D:3      | Found an ancient bone altar of Kikubaaqudgha.
  4213 | D:4      | Killed Robin
  4488 | D:4      | Found a runed translucent door.
  4489 | D:4      | Noticed Crazy Yiuf
  4497 | D:4      | Killed Crazy Yiuf
  5562 | D:6      | Noticed Pikel
  5572 | D:6      | Reached XP level 9. HP: 33/57 MP: 9/9
  5608 | D:6      | Killed Pikel
  5608 | D:6      | Reached skill level 5 in Dodging
  5778 | D:6      | Reached **** piety under Trog
  6399 | D:7      | Found a staircase to the Ecumenical Temple.
  6612 | D:7      | Found a shimmering blue altar of Sif Muna.
  7130 | D:7      | Reached XP level 10. HP: 50/64 MP: 10/10
  7632 | D:7      | Found a snail-covered altar of Cheibriados.
  7633 | D:7      | Noticed Menkaure
  7646 | D:7      | Killed Menkaure
  7902 | D:8      | Found Izoo's General Store.
  7923 | D:8      | Bought a scroll of identify for 28 gold pieces
  7940 | D:8      | Found Wakoawna's Antique Armour Boutique.
  8419 | D:8      | Found Opha's Magic Scroll Shoppe.
  8424 | D:8      | Bought a scroll of identify for 24 gold pieces
  8424 | D:8      | Bought a scroll of identify for 24 gold pieces
  8445 | D:8      | Found an ornate altar of the Wu Jian Council.
  8480 | D:8      | Found Necriwn's Food Boutique.
  8772 | D:9      | Found a staircase to the Lair.
  9105 | D:9      | Noticed Maggie
  9116 | D:9      | Killed Maggie
  9318 | D:9      | Noticed Psyche
  9324 | D:9      | Noticed Prince Ribbit
  9569 | D:9      | Killed Psyche
  9703 | D:9      | Killed Prince Ribbit
  9703 | D:9      | Reached XP level 11. HP: 16/71 MP: 11/11
 10128 | D:10     | Entered Level 10 of the Dungeon
 10228 | D:10     | Reached ***** piety under Trog
 10228 | D:10     | Received a gift from Trog
 10256 | D:10     | Noticed a skeletal warrior
 10257 | D:10     | Noticed a skeletal warrior
 10258 | D:10     | Noticed a skeletal warrior
 10265 | D:10     | Killed a skeletal warrior
 10267 | D:10     | Noticed a skeletal warrior
 10272 | D:10     | Killed a skeletal warrior
 10301 | D:10     | HP: 3/72 [skeletal warrior/cursed +0 war axe (19)]
 10338 | D:10     | Killed a skeletal warrior
 10340 | D:10     | HP: 1/72 [skeletal warrior/+0 scimitar[a skeletal warrior]
                  | (16)]
 10364 | D:10     | Killed a skeletal warrior
 10364 | D:10     | Reached skill level 10 in Fighting
 10815 | D:10     | Noticed Harold
 10826 | D:10     | Killed Harold
 10950 | D:10     | Reached skill level 10 in Armour
 11228 | D:10     | Noticed Erica
 11256 | D:10     | Killed Erica
 11540 | D:11     | Noticed a cyclops
 11547 | D:11     | Killed a cyclops
 11762 | D:11     | Reached skill level 10 in Maces & Flails
 11942 | D:11     | Noticed a two-headed ogre
 11948 | D:11     | Killed a two-headed ogre
 11948 | D:11     | Reached XP level 12. HP: 66/79 MP: 12/12
 12020 | D:11     | Noticed Grum
 12029 | D:11     | Killed Grum
 12924 | D:12     | Found Cienosm's Weapon Shoppe.
 13033 | D:12     | Noticed Snorg
 13052 | D:12     | HP: 4/120 [Snorg (14)]
 13053 | D:12     | Slain by Snorg

Levels and vault maps discovered:
D:1:      psy_arrival_terrarium, layout_basic
D:2:      layout_loops_corners, lightli_temple_of_fire
D:3:      layout_basic, nicolae_overflow_crystal_walls, old_standard_altar,
          serial_bayou_pond_b, okawaru_ov_weapons_minmay, uniq_jessica
D:4:      layout_rooms, uniq_crazy_yiuf_cottage, uniq_robin, uniq_blork_the_orc
D:5:      layout_loops_ring, first_ration
D:6:      layout_cave_pools, uniq_pikel
D:7:      layout_loops_ring, slow_altar_1, old_standard_altar,
          minmay_temple_entry_glassed_door, grunt_livestock,
          kennysheep_big_empty_room, uniq_menkaure
D:8:      layout_rooms, lemuel_crystal_altar, serial_shops, shop,
          nicolae_shop_crystal, shop, shop, lightli_orcish_oven
D:9:      layout_roguey, erik_lair_orcish_takeover, st_stairs_3,
          uniq_prince_ribbit1, uniq_maggie, uniq_psyche
D:10:     layout_long_grid, uniq_erica, uniq_harold
D:11:     layout_loops_ring, evilmike_butchery, uniq_grum
D:12:     layout_loops_corners, orc_0_dummy, serial_shops, shop_statue,
          gammafunk_ghost_hive, uniq_snorg, uniq_urug

Skill      XL: |  1  2  3  4  5  6  7  8  9 10 11 12 |
---------------+-------------------------------------+-----
Dodging        | 2 3 4 5 7 8 |  8.7
Armour         | 3 4 5 6 7 9 10 11 | 11.2
Fighting       | 4 5 7 8 9 10 11 | 11.5
Maces & Flails | 4 5 6 7 8 10 | 10.6

Action                   |  1- 3 |  4- 6 |  7- 9 | 10-12 || total
-------------------------+-------+-------+-------+-------++-------
Melee: Mace              |   117 |   201 |   351 |       ||   669
       Flail             |       |       |    98 |   158 ||   256
       Morningstar       |       |       |       |   194 ||   194
       Dire flail        |       |       |       |   343 ||   343
Invok: Berserk           |       |     2 |     7 |     8 ||    17
       Trog's Hand       |       |     3 |     2 |     7 ||    12
       Brothers in Arms  |       |       |       |     4 ||     4
Evoke: Wand              |       |       |       |    10 ||    10
  Use: Scroll            |     1 |       |     8 |    11 ||    20
       Potion            |       |       |       |     1 ||     1
 Stab: Paralysed         |       |       |       |    10 ||    10
  Eat: Chunk             |     2 |     8 |    17 |    25 ||    52
       Ration            |       |       |     1 |     2 ||     3
Armor: Animal skin       |    46 |       |       |       ||    46
       Ring mail         |     8 |   135 |   335 |   256 ||   734
Dodge: Dodged            |    96 |   198 |   352 |   455 ||  1101

Table legend:
 A = Non-vault XP
 B = Vault XP
 C = Vault XP percentage of total XP
 D = Non-vault monster count
 E = Vault monster count
 F = Vault count percentage of total count
                 A         B        C        D         E       F
            +---------+---------+-------+---------+---------+-------
      Total |   19058 |    6218 |  24.6 |     266 |      47 |  15.0
            +---------+---------+-------+---------+---------+-------
        D:1 |      35 |       0 |   0.0 |      19 |       0 |   0.0
        D:2 |      70 |       0 |   0.0 |      24 |       0 |   0.0
        D:3 |      93 |      38 |  29.0 |      22 |       2 |   8.3
        D:4 |     461 |     167 |  26.6 |      21 |      12 |  36.4
        D:5 |     826 |       2 |   0.2 |      24 |       1 |   4.0
        D:6 |    1176 |     607 |  34.0 |      23 |       1 |   4.2
        D:7 |    1013 |    1171 |  53.6 |      16 |       7 |  30.4
        D:8 |     807 |     140 |  14.8 |      14 |       6 |  30.0
        D:9 |    1118 |    1808 |  61.8 |      25 |      13 |  34.2
       D:10 |    4008 |    1852 |  31.6 |      29 |       2 |   6.5
       D:11 |    5140 |     433 |   7.8 |      34 |       3 |   8.1
       D:12 |    4311 |       0 |   0.0 |      15 |       0 |   0.0
            +---------+---------+-------+---------+---------+-------
